 Dungeon Crawl Stone Soup version 0.28.0-53-g5a82cb258f (webtiles) character file.

Game seed: 11497314950421007714

5 LynnLen the Sneak (level 1, 0/13 HPs)
             Began as a Vampire Enchanter on Aug 1, 2022.
             Frozen to death by an endoplasm (5 damage)
             ... on level 1 of the Dungeon.
             The game lasted 00:00:43 (213 turns).

LynnLen the Sneak (Vampire Enchanter)                Turns: 213, Time: 00:00:44

Health: 0/13       AC:  2    Str:  7    XL:     1   Next: 66%
Magic:  3/3        EV: 12    Int: 17    God:
Gold:   21         SH:  0    Dex: 14    Spells: 4/4 levels left

rFire   . . .      SeeInvis +   a - +1 dagger
rCold   . . .      Faith    .   (no shield)
rNeg    . . .      Spirit   .   b - +0 robe
rPois   .          Reflect  .   (no helmet)
rElec   .          Harm     .   (no cloak)
rCorr   .          Rampage  .   (no gloves)
Will    .....                   (no boots)
Stlth   +++.......              (no amulet)
HPRegen 0.24/turn               (no ring)
MPRegen 0.08/turn               (no ring)

@: healing quickly
A: alive, fangs 3, see invisible, vampiric 1
a: Exsanguinate


You were on level 1 of the Dungeon.
You visited 1 branch of the dungeon, and saw 1 of its levels.

You collected 21 gold pieces.

Inventory:

Hand Weapons
 a - a +1 dagger (weapon)
Armour
 b - a +0 robe (worn)
Scrolls
 d - a scroll of identify {unknown}
 h - a scroll of enchant armour {unknown}
Potions
 c - a potion of invisibility
 e - a potion of haste {unknown}
 f - a potion of lignification {unknown}
 g - a potion of berserk rage {unknown}
 i - a potion of brilliance {unknown}


   Skills:
 * Level 1.3 Short Blades
 * Level 2.3 Dodging
 + Level 4.7 Stealth
 - Level 2.0 Spellcasting
 - Level 4.4 Hexes


You had 4 spell levels left.
You didn't know any spells.
Your spell library contained the following spells:

 Spells                   Type           Power      Damage    Failure   Level
 Confusing Touch          Hex            16%        N/A       10%         3
 Tukima's Dance           Hex            16%        N/A       10%         3
 Ensorcelled Hibernation  Hex/Ice        18%        N/A       12%         2
 Dazzling Flash           Conj/Hex       18%        N/A       24%         3


Dungeon Overview and Level Annotations

Branches:
Dungeon (1/15)

Altars:


Innate Abilities, Weirdness & Mutations

Your natural rate of healing is accelerated.
You have razor-sharp teeth.
You have supernaturally acute eyesight. (SInv)
You are afflicted with vampirism.


Message History

A bat comes into view.
Found a scroll labelled ZAGREWK FOESTY.
A bat is nearby!
A bat is nearby!
A bat is nearby!
The bat barely misses you. The bat closely misses you.
You hit the bat.
You kill the bat!
A ball python comes into view.
The helpless ball python fails to defend itself.
You puncture the ball python!
You kill the ball python!
h - a scroll labelled ZAGREWK FOESTY A ball python and a rat come into view.
You see here a puce potion.
i - a puce potion You closely miss the rat.
The rat bites you.
You hit the rat.
You kill the rat!
You see here a rat corpse.
An endoplasm comes into view.
The endoplasm quivers.
The ball python hisses angrily.
You see here a rat corpse.
The endoplasm freezes you.
You are frozen.
You see here a rat corpse.
You barely miss the endoplasm. The endoplasm hits you.
You barely miss the endoplasm. The endoplasm freezes you.
You are frozen.
You hit the endoplasm but do no damage. The endoplasm freezes you.
You are frozen.
You hit the endoplasm but do no damage. You bite the endoplasm.
The endoplasm is heavily wounded.
The endoplasm freezes you.
You are frozen.
You die...

.# #........## .# #.........#
### .# #.........# ..# .#
#.........###. #.# ## )#
#........... #.####... .#
#.##..###### ###.#...... .#
#.##..## #.......... ##
#.##...#########....#..... ##
#.###......@JS............
.#####.###...######.#..........
.......##^.....................
.####..#.....##..........##....
.......#.....##..........# ###
.......#.....##..........#
.#####.#.....##..........#
.##......†....#..........#
.##.####....#.............#


You could see an endoplasm and a ball python.

Vanquished Creatures
  A ball python (D:1)
  A giant cockroach (D:1)
  A kobold (D:1)
  A bat (D:1)
  A rat (D:1)
5 creatures vanquished.

Notes
Turn   | Place    | Note
-------+----------+-------------------------------------------
     0 | D:1      | LynnLen the Vampire Enchanter began the quest for the Orb.
     0 | D:1      | Reached XP level 1. HP: 13/13 MP: 3/3
   213 | D:1      | Frozen to death by an endoplasm

Illustrated notes

Levels and vault maps discovered:
D:1:      eino_arrival_cavern_a, layout_rooms, nrook_loot_triangle

Action                   || total
-------------------------++-------
Melee: Dagger            ||    10
       Bite              ||     2
 Stab: Sleeping          ||     2
Dodge: Dodged            ||     2
